 Dungeon Crawl Stone Soup version 0.31-a0-1388-g4b2ba238e7 (webtiles) character file.

Game seed: 929805077002564973

78523 Pooter the Marksminotaur (level 15, -7/137 HPs)
             Began as a Minotaur Berserker on Dec 24, 2023.
             Was a High Priest of Trog.
             Mangled by a death knight
             ... wielding a +0 morningstar
              (14 damage)
             ... on level 13 of the Dungeon on Dec 25, 2023.
             The game lasted 02:06:37 (35853 turns).

Pooter the Marksminotaur (Minotaur Berserker)      Turns: 35853, Time: 02:06:38

Health: -7/137     AC: 24    Str: 25    XL:     15   Next: 18%
Magic:  14/14      EV: 12    Int:  6    God:    Trog [*****.]
Gold:   720        SH:  0    Dex: 12    Spells: 14/14 levels left

rFire   . . .        a - +2 battleaxe (heavy)
rCold   . . .        (shield currently unavailable)
rNeg    . . .        l - +4 plate armour {rPois}
rPois   +            W - +2 hat
rElec   .            k - +0 cloak
rCorr   .            C - +0 pair of gloves
SInv    .            G - +2 pair of boots {rampage}
Will    +++..        n - amulet of regeneration Stlth
                     X - +4 ring of slaying
HPRegen 2.22/turn    B - +5 ring of evasion
MPRegen 0.14/turn

%: rampage
@: strong-willed, spiked, on berserk cooldown, regenerating, slowed, very slow
A: horns 2, retaliatory headbutt
a: Renounce Religion, Berserk, Trog's Hand, Brothers in Arms


You were on level 13 of the Dungeon.
You worshipped Trog.
Trog was extremely pleased with you.
You visited 3 branches of the dungeon, and saw 21 of its levels.

You collected 2200 gold pieces.
You spent 1480 gold pieces at shops.

Inventory:

Hand Weapons
 a - a +2 heavy battleaxe (weapon)
   (You took it off an orc warrior on level 2 of the Orcish Mines)
 b - a +5 heavy orcbow
   (You took it off a centaur on level 10 of the Dungeon)
 e - a +4 trident
   (You took it off a wight on level 4 of the Dungeon)
 j - the +2 morningstar "Zetzeaxt" {antimagic, rCorr}
   (You found it on level 11 of the Dungeon)

   rCorr:     It protects you from acid and corrosion.
 m - the +7 war axe "Wotz" {freeze, rF++ Int+2}
   (You found it on level 12 of the Dungeon)

   Int+2:     It affects your intelligence (+2).
   rF++:      It greatly protects you from fire.
 D - a +2 great mace of draining
   (You found it on level 5 of the Lair of Beasts)
 E - a +2 hand axe of flaming
   (You took it off an orc on level 6 of the Dungeon)
 V - a +4 scythe of venom
   (You took it off Sigmund on level 4 of the Dungeon)
Missiles
 h - 3 throwing nets {!f}
 x - 28 boomerangs (quivered)
 y - 54 poisoned darts
 M - 3 curare-tipped darts
 P - 4 javelins
 Q - 160 stones
Armour
 k - a +0 cloak (worn)
   (You found it on level 1 of the Dungeon)
 l - a +4 plate armour of poison resistance (worn)
   (You acquired it on level 2 of the Dungeon)
 C - a +0 pair of gloves (worn)
   (You found it on level 7 of the Dungeon)
 G - a +2 pair of boots of rampaging (worn)
   (You bought it in a shop on level 10 of the Dungeon)
 W - a +2 hat (worn)
   (You found it on level 2 of the Orcish Mines)
 Z - a +2 cloak
   (You found it on level 12 of the Dungeon)
Jewellery
 n - an amulet of regeneration (around neck)
   (You bought it in a shop on level 2 of the Orcish Mines)
 B - a +5 ring of evasion (right hand)
   (You found it on level 5 of the Dungeon)
 I - a ring of protection from cold
   (You found it on level 2 of the Dungeon)
 X - a +4 ring of slaying (left hand)
   (You bought it in a shop on level 6 of the Dungeon)
Wands
 d - a wand of iceblast (8)
   (You found it on level 11 of the Dungeon)
 f - a wand of flame (21)
   (You found it on level 2 of the Lair of Beasts)
 s - a wand of quicksilver (5)
   (You found it on level 9 of the Dungeon)
 w - a wand of polymorph (10)
   (You took it off Natasha on level 4 of the Dungeon)
 F - a wand of mindburst (29)
   (You took it off an orc on level 6 of the Dungeon)
 L - a wand of charming (17)
   (You found it on level 9 of the Dungeon)
Scrolls
 g - 2 scrolls of vulnerability {!r}
 q - 2 scrolls of noise {!r}
 t - 4 scrolls of teleportation {@r4}
 v - 2 scrolls of blinking
 z - 3 scrolls of silence
 A - 4 scrolls of revelation
 S - 3 scrolls of fear
 T - 2 scrolls of fog
 Y - a scroll of poison
Potions
 c - 2 potions of resistance
 i - a potion of mutation {!q}
 o - 2 potions of invisibility
 p - a potion of haste {@q3}
 r - 2 potions of enlightenment
 u - 3 potions of ambrosia
 H - 5 potions of attraction {!q}
 K - a potion of curing {@q1}
 N - 3 potions of lignification {!q}
 O - 3 potions of heal wounds {@q2}
 R - 2 potions of berserk rage
 U - 3 potions of might
Miscellaneous
 J - a tin of tremorstones (2/2)
   (You found it on level 1 of the Lair of Beasts)


   Skills:
 + Level 13.9 Fighting
 * Level 14.6(17.1) Axes
 - Level 4.3(10.5) Maces & Flails
 - Level 13.9(16.5) Polearms
 * Level 16.9 Ranged Weapons
 + Level 5.9 Armour
 - Level 2.1 Dodging
 + Level 8.1 Evocations


You had 14 spell levels left.
You didn't know any spells.
Your spell library was empty.

Dungeon Overview and Level Annotations

Branches:
Dungeon (14/15) Zot: 26584  Temple (0/1) D:4            Lair (5/5) D:9 Zot: 15049
  Swamp (0/4) Lair:2        Snake (0/4) Lair:3        Slime (0/5) Lair:4
    Orc (2/2) D:11 Zot: 7164     Elf (0/3) Orc:2        Vaults (0/5) D:14

Altars:
Cheibriados
Dithmenos
Elyvilon
Fedhas
Gozag
Makhleb
Okawaru
Qazlal
Ru
Sif Muna
Trog
Vehumet
Yredelemnul
The Shining One
Lugonu

Shops:
D:6 =   D:10 [   Orc:2 [:[*

Portals:
Abyss: Lair:5


Innate Abilities, Weirdness & Mutations

You have a pair of horns on your head.
You reflexively headbutt those who attack you in melee.


Message History

You hear a shout!
A death knight comes into view. It is wielding a +0 morningstar.
The death knight shouts!
A freezing wraith comes into view.
You feel a strong urge to attack something.
The skeletal warrior hits you with a +0 glaive!
* * * LOW HITPOINT WARNING * * *
The manticore flicks its tail.
The volley of spikes skewers you!
The barbed spikes become lodged in your body.
* * * LOW HITPOINT WARNING * * *
There is a stone staircase leading up, spattered with blood here.
The skeletal warrior closely misses you.
The manticore flicks its tail.
The volley of spikes skewers you.
The barbed spikes become lodged in your body.
* * * LOW HITPOINT WARNING * * *
The death knight offers itself to Yredelemnul, and fills with unholy energy.
The barbed spikes dig painfully into your body as you move.
* * * LOW HITPOINT WARNING * * *
You climb upwards.
You feel your anger nearly subside.
You are no longer berserk.
You are exhausted.
You feel yourself slow down.
There is a stone staircase leading down here.
Your skin crawls.
You feel strong-willed.
The death knight hits you with a +0 morningstar.
* * * LOW HITPOINT WARNING * * *
The skeletal warrior hits you with a +0 glaive.
* * * LOW HITPOINT WARNING * * *
You hit the death knight but do no damage.
You hit the skeletal warrior but do no damage.
The death knight barely misses you.
The skeletal warrior hits you but does no damage.
The death knight hits you with a +0 morningstar!
* * * LOW HITPOINT WARNING * * *
The skeletal warrior hits you but does no damage.
Unknown command.
You open the death knight like a pillowcase!!!
You headbutt the death knight, but do no damage.
You slice the skeletal warrior!!
The death knight reflects your damage back at you!
* * * LOW HITPOINT WARNING * * *
The death knight calls down the wrath of Yredelemnul upon you.
You resist with almost no effort.
The skeletal warrior closely misses you.
You furiously retaliate!
You headbutt the skeletal warrior!
The death knight hits you with a +0 morningstar!
You die...

..................)..........#
.#########........)).........#
.# #..########).)......# .#
#..# #.........# .# #..#
#.........# .#
#..########.........#
.#########[.................<#
.................z...........#
................@)...#######.#
...............p.....# #.#
..........#####......# #.#
.........##...##.....# #.#
.........#.###)#.....#######.#
.........'.#}'.#.............#
.........#.###.#.............#
.........##...#####...########
..........##### #...#


You could see a death knight (reflects damage) and a skeletal warrior.

Vanquished Creatures
  A tengu reaver (D:13)
  A balrug (D:12)
  An orc warlord (Orc:1)
  Azrael (D:13)
  Josephine (D:11)
  3 two-headed ogres (D:14)
  3 boulder beetles
  A catoblepas (Lair:4)
  3 hydras
  A centaur warrior (D:14)
  4 death yaks
  2 thrashing horrors (Lair:5)
  2 orc high priests (Orc:2)
  2 skysharks (Lair:4)
  A lindwurm (Lair:5)
  An arcanist (D:14)
  2 deep elf zephyrmancers (Orc:2)
  Pikel (D:8)
  2 ugly things (Lair:5)
  3 cyclopes
  2 orc knights
  5 orc sorcerers
  An oklob plant (Lair:4)
  A manticore (D:11)
  14 elephants
  2 ice statues (D:11)
  A black mamba (shapeshifter) (Lair:5)
  4 black mambas
  2 smoke demons (Lair:5)
  2 gargoyles
  2 large abominations (Lair:5)
  2 torpor snails (Lair:4)
  12 cane toads
  4 rime drakes
  2 kobold demonologists (D:13)
  5 komodo dragons
  An efreet (D:14)
  2 polar bears (Lair:4)
  A queen bee (Lair:2)
  A hornet (D:11)
  3 trolls
  5 dream sheep (Lair:3)
  24 blink frogs
  A raiju (Lair:5)
  15 slime creatures
  2 ynoxinuls (Lair:5)
  Sigmund (D:4)
  A centaur simulacrum (D:10)
  9 wraiths
  2 shadows
  36 yaks
  8 wyverns
  A spriggan (Lair:5)
  A human (shapeshifter) (Lair:5)
  7 wargs (Orc:2)
  A steam dragon (D:8)
  9 basilisks
  3 fire elementals (D:13)
  A chaos spawn (Lair:5)
  6 vampire mosquitoes
  A two-headed ogre zombie (D:11)
  14 water moccasins
  2 nagas (Lair:3)
  2 acid dragons
  2 hell hounds (D:13)
  Duvessa (D:4)
  A swamp drake (Orc:2)
  5 ice beasts
  25 orc warriors
  A black bear (D:8)
  7 ogres
  13 small abominations (Lair:5)
  26 wolves
  14 centaurs
  3 kobold brigands
  A phantom (D:11)
  15 bullfrogs
  A gnoll sergeant (D:6)
  A scorpion (D:5)
  10 wights
  Dowan (D:4)
  2 troll zombies (D:11)
  39 killer bees
  9 electric eels
  A crimson imp (Orc:2)
  2 hounds
  4 jellies
  26 orc priests
  An iron imp (Orc:2)
  An iguana (D:4)
  2 sleepcaps
  41 orc wizards
  Natasha (thrice) (D:4)
  4 ogre zombies (D:11)
  9 adders
  11 gnolls
  A shadow imp (Orc:2)
  A bombardier beetle (D:5)
  9 white imps
  3 ufetubi
  2 worms (D:3)
  A dart slug (D:3)
  78 orcs
  5 endoplasms
  2 giant cockroaches
  9 goblins
  14 hobgoblins
  2 jackals (D:2)
  25 kobolds
  2 quokkas
  14 ball pythons
  3 bats
  A frilled lizard (D:2)
  4 gnoll skeletons (D:11)
  5 gnoll zombies (D:11)
  5 orc skeletons (D:11)
  11 orc zombies (D:11)
  10 rats
746 creatures vanquished.

Vanquished Creatures (others)
  A cyclops (Orc:1)
  A white imp (Orc:2)
2 creatures vanquished.

Grand Total: 748 creatures vanquished

Notes
Turn   | Place    | Note
-------+----------+-------------------------------------------
     0 | D:1      | Pooter the Minotaur Berserker began the quest for the Orb.
     0 | D:1      | Reached XP level 1. HP: 19/19 MP: 0/0
   114 | D:1      | Reached XP level 2. HP: 26/27 MP: 1/1
   793 | D:2      | Found a faded altar of an unknown god.
   859 | D:2      | Reached XP level 3. HP: 33/33 MP: 2/2
   915 | D:2      | Found a burning altar of Makhleb.
   927 | D:2      | Identified a scroll of acquirement
   928 | D:2      | Acquired a +2 plate armour of poison resistance
  1036 | D:2      | Reached ** piety under Trog
  1299 | D:2      | Reached skill level 1 in Ranged Weapons
  1391 | D:3      | Reached skill level 5 in Axes
  1391 | D:3      | Reached XP level 4. HP: 41/41 MP: 3/3
  1397 | D:3      | Reached skill level 2 in Ranged Weapons
  1632 | D:3      | Reached XP level 5. HP: 47/47 MP: 4/4
  1861 | D:3      | Reached skill level 3 in Ranged Weapons
  2443 | D:4      | Noticed Natasha
  2486 | D:4      | Killed Natasha
  2508 | D:4      | Reached skill level 5 in Fighting
  2508 | D:4      | Reached XP level 6. HP: 49/56 MP: 5/5
  2652 | D:4      | Found a staircase to the Ecumenical Temple.
  2745 | D:4      | Noticed Natasha
  2749 | D:4      | Killed Natasha
  2750 | D:4      | Noticed Natasha
  2763 | D:4      | Killed Natasha
  2973 | D:4      | Reached skill level 4 in Ranged Weapons
  3178 | D:4      | Noticed Sigmund
  3187 | D:4      | Killed Sigmund
  3188 | D:4      | Reached XP level 7. HP: 62/62 MP: 6/6
  3191 | D:4      | Reached skill level 5 in Ranged Weapons
  3230 | D:4      | Found an opulent altar of Gozag.
  3369 | D:4      | Noticed Dowan
  3379 | D:4      | Killed Dowan
  3391 | D:4      | Noticed Duvessa
  3402 | D:4      | Killed Duvessa
  3457 | D:4      | Found a basalt altar of Yredelemnul.
  3463 | D:4      | Found a shadowy altar of Dithmenos.
  3468 | D:4      | Found a stormy altar of Qazlal.
  3503 | D:5      | Entered Level 5 of the Dungeon
  3714 | D:5      | Reached skill level 6 in Ranged Weapons
  3714 | D:5      | Reached XP level 8. HP: 70/70 MP: 7/7
  3921 | D:5      | Identified the +0 short sword of Mesogey {pain, rN+ rCorr}
  4564 | D:6      | Found a sacrificial altar of Ru.
  4576 | D:6      | Reached skill level 1 in Polearms
  4774 | D:6      | Reached skill level 7 in Ranged Weapons
  4997 | D:6      | Found a snail-covered altar of Cheibriados.
  5027 | D:6      | Found a bloodstained altar of Trog.
  5028 | D:6      | Found a blossoming altar of Fedhas.
  5029 | D:6      | Found a white marble altar of Elyvilon.
  5059 | D:6      | Found Gexafu's Jewellery Boutique.
  5127 | D:6      | Reached XP level 9. HP: 79/79 MP: 8/8
  5155 | D:6      | Reached *** piety under Trog
  5652 | D:7      | Reached skill level 8 in Ranged Weapons
  5681 | D:7      | Reached skill level 5 in Polearms
  6098 | D:7      | Found a shimmering blue altar of Sif Muna.
  6886 | D:8      | Noticed Pikel
  6897 | D:8      | Killed Pikel
  7183 | D:8      | Reached skill level 9 in Ranged Weapons
  8127 | D:8      | Reached skill level 10 in Axes
  8127 | D:8      | Reached XP level 10. HP: 88/88 MP: 9/9
  9077 | D:9      | Identified the +1 robe "Moaciosael" {-Cast +Blink rCorr}
  9725 | D:9      | Reached skill level 10 in Ranged Weapons
  9881 | D:9      | Found a staircase to the Lair.
  9899 | D:9      | Found a radiant altar of Vehumet.
  9899 | D:9      | Found an iron altar of Okawaru.
 10006 | D:9      | Found a glowing golden altar of the Shining One.
 10069 | D:10     | Entered Level 10 of the Dungeon
 10511 | D:10     | Found Zilitza's Antique Armour Boutique.
 10520 | D:10     | Bought a pair of embroidered boots for 202 gold pieces
 11001 | Lair:1   | Entered Level 1 of the Lair of Beasts
 11167 | Lair:1   | Noticed a cane toad
 11168 | Lair:1   | Noticed a cane toad
 11178 | Lair:1   | Killed a cane toad
 11179 | Lair:1   | Reached XP level 11. HP: 97/97 MP: 10/10
 11183 | Lair:1   | Reached skill level 11 in Ranged Weapons
 11278 | Lair:1   | Reached skill level 1 in Evocations
 11934 | Lair:1   | Reached skill level 10 in Polearms
 11968 | Lair:1   | Reached **** piety under Trog
 12205 | Lair:2   | Noticed a five-headed hydra
 12211 | Lair:2   | Killed a five-headed hydra
 12427 | Lair:2   | Reached skill level 10 in Fighting
 13090 | Lair:2   | Reached skill level 12 in Ranged Weapons
 13411 | Lair:2   | Found a staircase to the Swamp.
 13685 | Lair:2   | Reached XP level 12. HP: 107/107 MP: 11/11
 14101 | Lair:3   | You fall into a shaft and drop 1 floor!
 14373 | Lair:4   | Noticed a four-headed hydra
 14389 | Lair:4   | Noticed an eight-headed hydra
 14410 | Lair:4   | Noticed a death yak
 14410 | Lair:4   | Noticed a death yak
 14411 | Lair:4   | Noticed a death yak
 15230 | Lair:3   | Reached skill level 13 in Ranged Weapons
 15562 | Lair:3   | Found a staircase to the Snake Pit.
 15854 | Lair:3   | Upgraded the game from 0.31-a0-1370-gf52a5a9ab3 to
                  | 0.31-a0-1388-g4b2ba238e7
 16033 | Lair:4   | Noticed a catoblepas
 16435 | Lair:4   | Killed a four-headed hydra
 16537 | Lair:4   | Found a staircase to the Slime Pits.
 16740 | Lair:4   | Killed a four-headed hydra
 17315 | Lair:4   | Reached XP level 13. HP: 114/116 MP: 12/12
 17503 | Lair:4   | Reached skill level 5 in Evocations
 17849 | Lair:3   | Reached skill level 14 in Ranged Weapons
 18142 | Lair:5   | Entered Level 5 of the Lair of Beasts
 20132 | Lair:5   | Reached skill level 15 in Ranged Weapons
 23097 | Lair:5   | Reached XP level 14. HP: 127/127 MP: 13/13
 23576 | Lair:5   | Found a corrupted altar of Lugonu.
 23576 | Lair:5   | Found a one-way gate to the infinite horrors of the Abyss.
 26200 | D:11     | Paralysed by a hornet for 2 turns
 26387 | D:11     | Noticed Josephine
 26398 | D:11     | Reached skill level 1 in Maces & Flails
 26409 | D:11     | Killed Josephine
 26839 | D:11     | Found a staircase to the Orcish Mines.
 27350 | D:11     | Reached ***** piety under Trog
 27757 | D:11     | Identified the +2 morningstar "Zetzeaxt" {antimagic, rCorr}
 27877 | Orc:1    | Entered Level 1 of the Orcish Mines
 28207 | Orc:2    | Entered Level 2 of the Orcish Mines
 28855 | Orc:2    | Found a staircase to the Elven Halls.
 28948 | Orc:2    | Reached skill level 16 in Ranged Weapons
 31514 | Orc:2    | Found Petsisiel's Antique Armour Shop.
 31514 | Orc:2    | Found Cussush's Book Shop.
 31515 | Orc:2    | Found Vioqowoy's General Store.
 31523 | Orc:2    | Found Waaroy's Armour Boutique.
 31528 | Orc:2    | Bought an amulet of regeneration for 420 gold pieces
 32057 | Orc:1    | Noticed an orc warlord
 32311 | D:6      | Bought a +4 ring of slaying for 858 gold pieces
 32730 | Orc:1    | Killed an orc warlord
 34286 | D:12     | Found a runed translucent door.
 34289 | D:12     | Noticed a balrug
 34296 | D:12     | Killed a balrug
 34297 | D:12     | Reached skill level 5 in Armour
 34299 | D:12     | Identified the +7 war axe "Wotz" {freeze, rF++ Int+2}
 34900 | D:13     | Noticed a tengu reaver
 34906 | D:13     | Killed a tengu reaver
 35009 | D:13     | Noticed Azrael
 35018 | D:13     | Killed Azrael
 35019 | D:13     | Reached XP level 15. HP: 137/137 MP: 14/14
 35840 | D:14     | Found a gate to the Vaults.
 35853 | D:13     | HP: 3/137 [mirror damage (33)]
 35853 | D:13     | Mangled by a death knight

Illustrated notes

Levels and vault maps discovered:
D:1:      ldierk_walled_garden_2, layout_loops_ring, serial_bayou_lake_a
D:2:      layout_loops_ring, basic_altar, shapermc_ecumenical_altar_acropolis
D:3:      layout_rooms, serial_rivers, chequers_serial_rivers_large_a,
          chequers_serial_rivers_room_b, chequers_serial_rivers_small_a,
          chequers_serial_rivers_micro_d, chequers_serial_rivers_small_3,
          minmay_snake_closets
D:4:      minmay_wonky_spiral, layout_gridville, marbit_many_paths,
          minmay_overflow_temple_star_quad, minmay_temple_entry_trees,
          roderic_three_in_a_row, uniq_duvessa, uniq_sigmund, uniq_natasha
D:5:      layout_loops_ring
D:6:      wad_pebble_path, layout_basic,
          chequers_temple_overflow_statue_of_worship, nicolae_ru_awakened_eye,
          serial_shops, shop, minmay_misc_feat_tower, chequers_big_river
D:7:      layout_cave_pools, tgw_sif, bh_walls_and_bars
D:8:      layout_basic, uniq_pikel
D:9:      layout_roguey, tso_altar, gammafunk_temple_overflow_pools,
          kennysheep_generic_room_4
D:10:     layout_cave_pools, serial_ice, serial_ice_b, serial_ice_d,
          serial_ice_f, serial_ice_g, serial_ice_e, serial_ice_c, serial_shops,
          nicolae_shop_trees
D:11:     cheibrodos_orc_bank, layout_grid_maze, zombieorc2_lemuel, david_greed,
          uniq_josephine
D:12:     dreamdust_dug_too_deep, layout_irregular_city
D:13:     layout_long_grid, kennysheep_just_a_vault, uniq_azrael
D:14:     layout_stronghold, david_vaults_1, chequers_jeans
Lair:1:   layout_small_grid, serial_bayou_pond_d
Lair:2:   regret_index_tunnel_blossom, layout_hall_layers, swamp_mist
Lair:3:   layout_layer_cave, guppyfry_snake_entry_garden
Lair:4:   layout_regular_city, slime_entry_1, serial_bayou, serial_bayou_pond_e,
          serial_bayou_pond_a, serial_bayou_pond_e, serial_bayou_shore_b,
          serial_bayou_pond_c, lightli_volcano_entry_magma_tube, st_stairs_12,
          columned_hall_lemuel, nicolae_lair_lil_pond, beast_lair_carwin_6
Lair:5:   hellmonk_lair_end_abyssal_woods, layout_cave_shapes,
          grunt_megastairs_2
Orc:1:    layout_caves
Orc:2:    st_orc_mages, layout_diamond_mine, hangedman_minor_magic

Skill      XL: |  1  2  3  4  5  6  7  8  9 10 11 12 13 14 15 |
---------------+----------------------------------------------+-----
Axes           | 4 5 6 7 8 9 10 11 12 13 14 | 14.6
Fighting       | 4 5 6 7 8 9 10 11 12 13 | 13.9
Ranged Weapons | 1 2 3 4 6 7 9 10 12 13 15 16 | 16.9
Polearms       | 4 7 9 11 13 | 13.9
Evocations     | 3 4 6 7 8 |  8.1
Maces & Flails | 4 |  4.3
Armour         | 5 |  5.9
Dodging        | |  2.1

Action                     |  1- 3 |  4- 6 |  7- 9 | 10-12 | 13-15 || total
---------------------------+-------+-------+-------+-------+-------++-------
  Melee: Hand axe          |    23 |       |       |     6 |       ||    29
         Headbutt          |     7 |    15 |    17 |    67 |   124 ||   230
         Trident           |     9 |    19 |       |       |       ||    28
         War axe           |       |   130 |     7 |       |    33 ||   170
         Punch             |       |     2 |       |       |       ||     2
         Halberd           |       |       |   184 |   456 |   364 ||  1004
         Morningstar       |       |       |       |     7 |       ||     7
         Battleaxe         |       |       |       |       |   128 ||   128
   Fire: Sling             |    39 |    48 |    17 |       |       ||   104
         Shortbow          |       |       |    79 |     2 |       ||    81
         Orcbow            |       |       |       |   182 |   421 ||   603
  Throw: Boomerang         |       |       |    12 |     4 |     8 ||    24
 Invoke: Berserk           |     2 |     3 |     7 |     7 |    17 ||    36
         Trog's Hand       |       |     4 |    12 |    19 |    30 ||    65
  Evoke: Wand              |       |       |     3 |     2 |     2 ||     7
    Use: Scroll            |     6 |     5 |     7 |    16 |     9 ||    43
         Potion            |       |     2 |       |     2 |     4 ||     8
   Stab: Invisible         |       |       |       |       |     4 ||     4
 Armour: Animal skin       |    15 |       |       |       |       ||    15
         Plate armour      |     9 |   153 |   160 |   507 |   639 ||  1468
         Skin              |       |     5 |       |       |       ||     5
  Dodge: Dodged            |    29 |    76 |    95 |   375 |   409 ||   984

Table legend: (Time is in decaauts)
 A = Elapsed time spent in this place.
 B = Non-inter-level travel time spent in this place.
 C = Inter-level travel time spent in this place.
 D = Time resting spent in this place.
 E = Time spent auto-exploring this place.
 F = Levels seen in this place.
 G = Mean time per level.
                   A        B        C        D        E       F      G
               +--------+--------+--------+--------+--------+-----+--------+
         Total |  36539 |  35283 |   1256 |  17815 |  12318 |  21 | 1740.0 |
       Dungeon |  16754 |  15914 |    840 |   5304 |   7943 |  14 | 1196.7 |
          Lair |  14950 |  14725 |    225 |   9189 |   3756 |   5 | 2990.0 |
  Orcish Mines |   4835 |   4644 |    191 |   3320 |    619 |   2 | 2417.5 |
               +--------+--------+--------+--------+--------+-----+--------+

Top non-repeatable levels by time:
  Lair:5: 6758 daAuts
   Orc:2: 3347 daAuts
  Lair:4: 2989 daAuts
     D:8: 2260 daAuts
    D:11: 2188 daAuts
  Lair:3: 2100 daAuts
  Lair:2: 1914 daAuts
    D:12: 1544 daAuts
   Orc:1: 1488 daAuts
     D:9: 1383 daAuts
     D:6: 1332 daAuts
    D:13: 1243 daAuts
  Lair:1: 1188 daAuts
     D:7: 1130 daAuts
     D:4: 1087 daAuts
